[Event "Titled Tuesday Blitz May 16 Late 2023"]
[White "Marek, Matyas"]
[Black "Xiong, Jeffery"]
[WhiteFideId "335398"]
[BlackFideId "2047640"]
[WhiteElo "2279"]
[BlackElo "2726"]
[Result "0-1"]
[Round "04"]
[TimeControl "180+2"]
[Date "2023.05.16"]
[WhiteClock "0:00:12"]
[BlackClock "0:01:36"]

1. Nf3 d5 2. g3 Nd7 3. Bg2 e5 4. d3 Bd6 5. O-O Ne7 6. e4 d4 7. Nbd2 c5 8. Nc4 Bc7 9. a4 Nc6 10. c3 O-O 11. cxd4 cxd4 12. Bd2 a5 13. Qe2 Nc5 14. Nh4 Be6 15. Nf5 Bxc4 16. dxc4 g6 17. Nh6+ Kg7 18. h4 Nb3 19. Ra3 Nxd2 20. Qxd2 Bd6 21. Rd3 Nb4 22. Rf3 Na6 23. Ng4 f5 24. exf5 gxf5 25. Qh6+ Kh8 26. Nh2 Nc5 27. Bh3 f4 28. Ng4 e4 29. Ra3 Ra6 30. Qh5 d3 31. Qd5 Qe7 32. Nh6 Qf6 33. Nf5 Qe5 34. gxf4 Qxf4 35. Nxd6 Qxd6 36. Qxd6 Rxd6 37. Bg2 Rf4 38. Re1 Rg6 39. Kf1 Rfg4 0-1


[Site "https://www.chess.com"]

[Event "Titled Tuesday Blitz May 16 Late 2023"]
[White "Iturrizaga Bonelli, Eduardo"]
[Black "Khandelwal, Ankush"]
[WhiteFideId "3901211"]
[BlackFideId "413470"]
[WhiteElo "2637"]
[BlackElo "2263"]
[Result "1-0"]
[Round "04"]
[TimeControl "180+2"]
[Date "2023.05.16"]
[WhiteClock "0:00:41"]
[BlackClock "0:00:00"]

1. c4 Nf6 2. g3 g6 3. Bg2 Bg7 4. Nc3 O-O 5. d4 d6 6. e4 c5 7. Nge2 Nc6 8. d5 Na5 9. b3 a6 10. a4 Bd7 11. O-O b5 12. axb5 axb5 13. cxb5 Qb6 14. Be3 Bxb5 15. b4 Bxe2 16. Nxe2 Qxb4 17. Bd2 Qb5 18. e5 Ng4 19. Rb1 Qc4 20. e6 f5 21. Nf4 Bd4 22. h3 Ne5 23. Kh2 g5 24. Ne2 g4 25. h4 Nf3+ 26. Bxf3 gxf3 27. Nf4 Be5 28. Qxf3 Kh8 29. Rfe1 Rg8 30. Rxe5 dxe5 31. Bc3 1-0


[Site "https://www.chess.com"]

[Event "Titled Tuesday Blitz May 16 Late 2023"]
[White "Grinev, Valeriy"]
[Black "Sviridov, Valery"]
[WhiteFideId "14117517"]
[BlackFideId "4120680"]
[WhiteElo "2366"]
[BlackElo "2457"]
[Result "1/2-1/2"]
[Round "04"]
[TimeControl "180+2"]
[Date "2023.05.16"]
[WhiteClock "0:00:43"]
[BlackClock "0:00:20"]

1. d4 g6 2. c4 Bg7 3. e4 d6 4. Nc3 e5 5. Nge2 exd4 6. Nxd4 Nc6 7. Be3 Nge7 8. h4 f5 9. h5 Rf8 10. hxg6 hxg6 11. Nxc6 Nxc6 12. exf5 Bxf5 13. Bd3 Qd7 14. Qd2 O-O-O 15. O-O-O Ne5 16. Be2 Kb8 17. f3 Rde8 18. Bd4 Nc6 19. Bxg7 Qxg7 20. Nd5 Be6 21. Qc3 Qf7 22. Rd2 g5 23. Bd3 Bxd5 24. cxd5 Ne7 25. Be4 Ng6 26. Kb1 Rh8 27. Rxh8 Rxh8 28. Rc2 Ne5 29. a3 Rh1+ 30. Ka2 c5 31. Qa5 Qc7 32. Qd2 Qe7 33. Qf2 a6 34. Re2 Qd8 35. g3 Rh8 36. f4 gxf4 37. gxf4 Rf8 38. Qg3 Nd7 39. Qg6 Rxf4 40. Qxd6+ Qc7 41. Qxc7+ Kxc7 42. d6+ Kb6 43. Bg2 Rf6 44. Rd2 c4 45. Rd4 Kc5 46. Rd5+ Kb6 47. Rd4 c3 48. Rb4+ Kc5 49. bxc3 b5 50. Bh3 Rxd6 51. Bxd7 Rd2+ 52. Kb3 Rxd7 53. a4 1/2-1/2


[Site "https://www.chess.com"]

[Event "Titled Tuesday Blitz May 16 Late 2023"]
[White "Musovic, Armin"]
[Black "Pakleza, Zbigniew"]
[WhiteFideId "939935"]
[BlackFideId "1119290"]
[WhiteElo "2322"]
[BlackElo "2410"]
[Result "0-1"]
[Round "04"]
[TimeControl "180+2"]
[Date "2023.05.16"]
[WhiteClock "0:00:00"]
[BlackClock "0:00:52"]

1. a3 d5 2. d4 Nf6 3. Nf3 Bf5 4. c4 c6 5. Nc3 Nbd7 6. g3 e6 7. Bg2 Be7 8. O-O O-O 9. Nd2 Nb6 10. c5 Nbd7 11. b4 e5 12. e3 Re8 13. a4 h5 14. Re1 e4 15. h3 Nf8 16. Nf1 Qd7 17. Kh2 Bd8 18. Bd2 Bc7 19. b5 h4 20. Rb1 g5 21. Ne2 Ng6 22. Bc3 Kg7 23. Ng1 Rh8 24. bxc6 bxc6 25. Rb7 Ng4+ 26. Qxg4 Bxg4 27. Rxc7 Qxc7 28. f4 exf3 29. Bxf3 Bxf3 30. Nxf3 hxg3+ 31. Kg1 Rxh3 32. e4 g2 33. Kxg2 Nf4+ 34. Kf2 Rah8 0-1


[Site "https://www.chess.com"]

[Event "Titled Tuesday Blitz May 16 Late 2023"]
[White "Sieciechowicz, Marcin"]
[Black "Rasulov, Vugar"]
[WhiteFideId "1130170"]
[BlackFideId "13402390"]
[WhiteElo "2302"]
[BlackElo "2509"]
[Result "1-0"]
[Round "04"]
[TimeControl "180+2"]
[Date "2023.05.16"]
[WhiteClock "0:00:12"]
[BlackClock "0:00:11"]

1. d4 Nf6 2. c4 e6 3. Nc3 Bb4 4. Qc2 c5 5. dxc5 O-O 6. Nf3 Na6 7. g3 Nxc5 8. Bg2 b6 9. O-O Bb7 10. Nb5 Nce4 11. Ng5 d5 12. a3 Be7 13. Nxe4 Nxe4 14. cxd5 exd5 15. Rd1 Qc8 16. Qxc8 Rfxc8 17. Bf4 Rc2 18. Rac1 Rxc1 19. Rxc1 Bc5 20. e3 a5 21. Bxe4 dxe4 22. Bd6 Bxd6 23. Nxd6 Bd5 24. Rc8+ Rxc8 25. Nxc8 Kf8 26. Nxb6 Be6 27. Na4 Ke7 28. Nc3 f5 29. Kf1 Kd6 30. b4 axb4 31. axb4 g5 32. Ke2 Bc4+ 33. Kd2 Ke5 34. Ne2 Bd3 35. Nd4 f4 36. Kc3 fxe3 37. fxe3 Kd5 38. b5 Kc5 39. Ne6+ Kxb5 40. Nxg5 h5 41. Kd4 Kb4 42. Nxe4 Bc2 43. Nf6 Bg6 44. e4 Kb5 45. Kd5 Bf7+ 46. Kd6 Kc4 47. e5 Kd4 48. e6 Bg6 49. e7 Ke3 50. e8=Q+ Bxe8 51. Nxe8 h4 52. gxh4 Kf4 53. Nf6 Kf5 54. Ke7 Kg6 55. h5+ Kg7 56. Ke6 Kh6 57. Kf5 Kg7 58. Kg5 Kh8 59. Ng4 Kg7 60. h6+ Kh7 61. Kh5 Kh8 62. Kg6 Kg8 63. Ne5 Kh8 64. h3 Kg8 65. h7+ Kh8 66. Nf7# 1-0


[Site "https://www.chess.com"]

[Event "Titled Tuesday Blitz May 16 Late 2023"]
[White "Grigoriants, Sergey"]
[Black "Kushko, Dmitriy"]
[WhiteFideId "4130804"]
[BlackFideId "14162261"]
[WhiteElo "2502"]
[BlackElo "2230"]
[Result "1-0"]
[Round "04"]
[TimeControl "180+2"]
[Date "2023.05.16"]
[WhiteClock "0:00:33"]
[BlackClock "0:00:04"]

1. d4 d5 2. c4 e6 3. Nc3 Be7 4. Nf3 Nf6 5. Bf4 O-O 6. a3 b6 7. e3 Bb7 8. cxd5 exd5 9. Bd3 c5 10. O-O c4 11. Bc2 a6 12. Ne5 b5 13. Qf3 Nbd7 14. Qh3 g6 15. Rad1 Nb6 16. Bh6 Re8 17. f4 Ne4 18. Bxe4 dxe4 19. f5 Bf6 20. fxg6 fxg6 21. Rxf6 Qxf6 22. Rf1 Qe6 23. Rf7 Qxf7 24. Nxf7 Kxf7 25. Bf4 h5 26. Bc7 Bc8 27. Qh4 Nd7 28. Nxe4 Kg7 29. d5 a5 30. Nd6 Rf8 31. Qe7+ Kg8 32. Nxc8 Raxc8 33. Qxd7 b4 34. Be5 1-0


[Site "https://www.chess.com"]

[Event "Titled Tuesday Blitz May 16 Late 2023"]
[White "Bazeev, German"]
[Black "Tanenbaum, Zachary"]
[WhiteFideId "24119350"]
[BlackFideId "2060850"]
[WhiteElo "2466"]
[BlackElo "2175"]
[Result "0-1"]
[Round "04"]
[TimeControl "180+2"]
[Date "2023.05.16"]
[WhiteClock "0:00:04"]
[BlackClock "0:00:12"]

1. c4 e5 2. Nc3 Nf6 3. Nf3 Nc6 4. e4 Bb4 5. d3 d6 6. h3 O-O 7. Be2 Nd4 8. Nxd4 exd4 9. a3 Ba5 10. b4 dxc3 11. bxa5 c6 12. Bg5 Qxa5 13. Bxf6 gxf6 14. O-O Qe5 15. Rc1 c5 16. Qe1 f5 17. Rxc3 fxe4 18. dxe4 Qxe4 19. Qd2 Bf5 20. Rg3+ Bg6 21. Rc1 Rfe8 22. Bf3 Qe7 23. Bd5 Rad8 24. f4 Qf6 25. Rf1 Kh8 26. f5 Bh5 27. Kh2 Qe5 28. Bxb7 Rg8 29. Qf4 Rxg3 30. Qxg3 Be2 31. Rc1 Rg8 32. Qxe5+ dxe5 33. Bd5 Kg7 34. Re1 Bd3 35. Rxe5 Kf6 36. Re3 Bxf5 37. Rf3 Ke5 38. Bxf7 Rb8 39. g4 Be4 40. Rf2 Rb3 41. Re2 Kf4 42. Rf2+ Ke5 43. Bg8 Rxa3 44. Re2 Kf4 45. Rf2+ Ke5 46. g5 Rc3 47. Re2 Rc2 48. Rxc2 Bxc2 49. h4 a5 50. h5 a4 51. Bxh7 Bxh7 52. g6 Bxg6 53. hxg6 Kf6 0-1


[Site "https://www.chess.com"]

[Event "Titled Tuesday Blitz May 16 Late 2023"]
[White "Riehle, Marco"]
[Black "De La Colina, Nicolas"]
[WhiteFideId "12904392"]
[BlackFideId "30946921"]
[WhiteElo "2462"]
[BlackElo "2046"]
[Result "1-0"]
[Round "04"]
[TimeControl "180+2"]
[Date "2023.05.16"]
[WhiteClock "0:02:20"]
[BlackClock "0:00:50"]

1. e4 c5 2. a3 g6 3. h4 h5 4. Nc3 Bg7 5. Bc4 Nc6 6. d3 d6 7. Bg5 Nf6 8. Qd2 a6 9. Nge2 Rb8 10. O-O-O b5 11. Bb3 b4 12. axb4 Rxb4 13. f4 Bg4 14. f5 Qa5 15. Kb1 Nd4 16. Nxd4 cxd4 17. Bxf6 dxc3 18. Bxc3 Bxc3 19. Qxc3 O-O 20. fxg6 Bxd1 21. Bxf7+ Rxf7 22. gxf7+ Kxf7 23. Rxd1 Ra4 24. Rf1+ Kg8 25. Qc8+ Kg7 26. Qf8+ 1-0


[Site "https://www.chess.com"]

[Event "Titled Tuesday Blitz May 16 Late 2023"]
[White "Saveliev, Alexei"]
[Black "Boyer, Mahel"]
[WhiteFideId "24128546"]
[BlackFideId "45102422"]
[WhiteElo "2271"]
[BlackElo "2439"]
[Result "0-1"]
[Round "04"]
[TimeControl "180+2"]
[Date "2023.05.16"]
[WhiteClock "0:00:01"]
[BlackClock "0:00:26"]

1. c4 e5 2. Nc3 d6 3. Nf3 g6 4. d4 Bg7 5. dxe5 dxe5 6. Qxd8+ Kxd8 7. Bg5+ f6 8. O-O-O+ Nd7 9. Bd2 Nh6 10. g3 c6 11. b3 Kc7 12. Ne4 Nf7 13. Bc3 a5 14. a4 Nf8 15. Bg2 Ne6 16. h4 h6 17. c5 Rf8 18. Kb2 f5 19. Nd6 Nxc5 20. Nxf7 Rxf7 21. Nxe5 Re7 22. f4 Be6 23. Nxg6 Bxc3+ 24. Kxc3 Rg7 25. Ne5 Rxg3+ 26. Bf3 Bxb3 27. Rdg1 Rag8 28. Rxg3 Rxg3 29. Kd4 Nxa4 30. Nd3 Kd6 31. Rb1 c5+ 32. Ke3 c4 33. Ne5 Nc3 34. Nxc4+ Bxc4 35. Rxb7 Bxe2 36. Kd4 Rxf3 37. Rh7 Nb5# 0-1


[Site "https://www.chess.com"]

[Event "Titled Tuesday Blitz May 16 Late 2023"]
[White "Milikow, Yoav"]
[Black "Sargsyan, Anna M."]
[WhiteFideId "2822237"]
[BlackFideId "13308130"]
[WhiteElo "2410"]
[BlackElo "2284"]
[Result "1-0"]
[Round "04"]
[TimeControl "180+2"]
[Date "2023.05.16"]
[WhiteClock "0:00:11"]
[BlackClock "0:00:04"]

1. d4 d5 2. c4 c6 3. Nf3 Nf6 4. g3 Bf5 5. Nc3 e6 6. Nh4 Bg6 7. Qb3 Qb6 8. c5 Qxb3 9. axb3 Nbd7 10. b4 e5 11. dxe5 Nxe5 12. Bf4 Ned7 13. Nxg6 hxg6 14. Bg2 a6 15. O-O Be7 16. Rfd1 Nf8 17. Be5 Ne6 18. e4 dxe4 19. Nxe4 Nxe4 20. Bxe4 Rd8 21. Rxd8+ Kxd8 22. b5 cxb5 23. c6 bxc6 24. Rxa6 Rh5 25. f4 Bf6 26. Ra8+ Kd7 27. Ra7+ Kd8 28. Bxf6+ gxf6 29. Rxf7 c5 30. Rxf6 Ke7 31. Rxg6 c4 32. f5 Nd4 33. g4 Rh3 34. Rb6 Rb3 35. Rb7+ Kf6 36. Rb6+ Ke5 37. Bg2 Rxb2 38. f6 Ne6 39. f7 Nf8 40. g5 c3 41. Rc6 c2 42. Bf1 b4 43. h4 b3 44. h5 Rb1 45. g6 c1=Q 46. Rxc1 Rxc1 47. g7 Ne6 48. f8=Q Nxf8 49. gxf8=Q b2 50. Qg7+ Kf4 51. Qxb2 Rxf1+ 52. Kxf1 1-0


[Site "https://www.chess.com"]

[Event "Titled Tuesday Blitz May 16 Late 2023"]
[White "Matinian, Nikita"]
[Black "Holt, Conrad"]
[WhiteFideId "24129100"]
[BlackFideId "2034387"]
[WhiteElo "2422"]
[BlackElo "2592"]
[Result "1-0"]
[Round "04"]
[TimeControl "180+2"]
[Date "2023.05.16"]
[WhiteClock "0:02:00"]
[BlackClock "0:01:34"]

1. e4 e6 2. d4 d5 3. Nc3 Nf6 4. Bg5 dxe4 5. Nxe4 Be7 6. Bxf6 Bxf6 7. Nf3 Nd7 8. Qd2 O-O 9. O-O-O Be7 10. h4 b6 11. Bd3 Bb7 12. Neg5 h6 13. Qf4 c5 14. dxc5 Qb8 15. Bh7+ Kh8 16. Qxb8 Nxb8 17. Be4 Bxe4 18. Nxe4 bxc5 19. Ne5 Kg8 20. g4 f5 21. gxf5 Rxf5 22. Ng6 Kf7 23. Rhg1 Rf4 24. Nxf4 1-0


[Site "https://www.chess.com"]

[Event "Titled Tuesday Blitz May 16 Late 2023"]
[White "Al-Tarboush, Ward"]
[Black "Naroditsky, Daniel"]
[WhiteFideId "7601450"]
[BlackFideId "2026961"]
[WhiteElo "2265"]
[BlackElo "2633"]
[Result "0-1"]
[Round "04"]
[TimeControl "180+2"]
[Date "2023.05.16"]
[WhiteClock "0:00:00"]
[BlackClock "0:01:04"]

1. d4 Nf6 2. Nc3 g6 3. e4 d6 4. Be3 Bg7 5. h4 c6 6. f3 h5 7. Qd2 Qa5 8. O-O-O b5 9. Kb1 Nbd7 10. Nh3 Nb6 11. Ng5 b4 12. Ne2 Nc4 13. Qc1 Rb8 14. Nf4 Nxe3 15. Qxe3 e6 16. Bc4 d5 17. Bb3 Qb5 18. e5 Ng8 19. Nd3 Bf8 20. Qf4 Nh6 21. Qf6 Rg8 22. g4 a5 23. gxh5 a4 24. Nf4 Be7 25. Nfxe6 fxe6 26. Qf4 axb3 27. cxb3 gxh5 28. Rhg1 Rf8 29. Qd2 Nf5 30. Nh7 Rf7 31. Rg8+ Kd7 32. Ng5 Rf8 33. Rg6 Bxg5 34. Qxg5 Kc7 35. Rf6 Bd7 36. Qxh5 Qe2 37. Rc1 Nxd4 38. Qh7 Rh8 39. Qg6 Rbg8 0-1


[Site "https://www.chess.com"]

[Event "Titled Tuesday Blitz May 16 Late 2023"]
[White "Sarana, Alexey"]
[Black "Camilla_Lee"]
[WhiteFideId "24133795"]
[WhiteElo "2714"]
[BlackElo "2624"]
[Result "1-0"]
[Round "04"]
[TimeControl "180+2"]
[Date "2023.05.16"]
[WhiteClock "0:00:05"]
[BlackClock "0:00:05"]

1. c4 Nf6 2. Nc3 d5 3. cxd5 Nxd5 4. e4 Nxc3 5. bxc3 g6 6. h4 h5 7. Nf3 Bg7 8. Ng5 e6 9. Ba3 b6 10. Bc4 c5 11. g4 Nc6 12. d4 cxd4 13. Bb5 Bd7 14. Rc1 hxg4 15. Qxg4 Ne5 16. Nxe6 Qf6 17. Nxg7+ Kd8 18. Qe2 Bg4 19. Qb2 Nf3+ 20. Kf1 Rxh4 21. Rxh4 Qxh4 22. cxd4 Bh3+ 23. Ke2 Qxe4+ 24. Kd1 Nxd4 25. Kd2 Qf4+ 26. Kd3 Nf3 27. Rc4 Bf5+ 28. Kc3 Qe5+ 29. Kb4 Qd6+ 30. Ka4 Qd1+ 31. Qb3 Qxb3+ 32. axb3 Ne5 33. Rd4+ Kc7 34. Bd6+ Kb7 35. Bxe5 1-0


[Site "https://www.chess.com"]

[Event "Titled Tuesday Blitz May 16 Late 2023"]
[White "Zhigalko, Sergei"]
[Black "Fishbein, Alexander"]
[WhiteFideId "13502956"]
[BlackFideId "2000377"]
[WhiteElo "2626"]
[BlackElo "2415"]
[Result "1-0"]
[Round "04"]
[TimeControl "180+2"]
[Date "2023.05.16"]
[WhiteClock "0:00:24"]
[BlackClock "0:00:00"]

1. e4 c5 2. Nf3 d6 3. d4 cxd4 4. Qxd4 a6 5. Bc4 Nc6 6. Qd3 e6 7. Nc3 Nf6 8. Bf4 Be7 9. O-O-O e5 10. Bg5 O-O 11. Bxf6 Bxf6 12. Qxd6 Bg4 13. Qxd8 Rfxd8 14. Nd5 Bxf3 15. gxf3 Nd4 16. Rd3 Rac8 17. Bb3 Bg5+ 18. Kb1 Kf8 19. f4 Nxb3 20. Rxb3 exf4 21. Rxb7 f5 22. Nc7 Rd6 23. exf5 Bf6 24. Ne6+ Kg8 25. Rg1 Rd2 26. Nxg7 Bxg7 27. Rgxg7+ Kh8 28. Rxh7+ Kg8 29. c3 Rxf2 30. f6 Rg2 31. f7+ 1-0


[Site "https://www.chess.com"]

[Event "Titled Tuesday Blitz May 16 Late 2023"]
[White "Koellner, Ruben Gideon"]
[Black "Paravyan, David"]
[WhiteFideId "12993093"]
[BlackFideId "4194985"]
[WhiteElo "2314"]
[BlackElo "2563"]
[Result "0-1"]
[Round "04"]
[TimeControl "180+2"]
[Date "2023.05.16"]
[WhiteClock "0:00:11"]
[BlackClock "0:00:05"]

1. d4 d5 2. Nf3 Nf6 3. e3 e6 4. Nbd2 b6 5. Bd3 Bb7 6. Ne5 g6 7. f4 Bg7 8. Qf3 O-O 9. g4 c5 10. c3 Nc6 11. g5 Nxe5 12. fxe5 Ne4 13. h4 b5 14. Bxb5 Qb6 15. Bd3 Nxd2 16. Kxd2 Ba6 17. Bxa6 Qxa6 18. Qe2 Qa4 19. Qd1 Qa6 20. Qe2 Qa4 21. h5 Rfb8 22. hxg6 hxg6 23. Qh2 Rb7 24. Qh7+ Kf8 25. Rf1 Rab8 26. Qxg6 Qa6 27. Qd3 Rxb2+ 28. Bxb2 Rxb2+ 29. Qc2 Rxc2+ 30. Kxc2 Qe2+ 31. Kb3 Qc4+ 32. Kb2 Qe2+ 33. Kb3 c4+ 34. Ka3 Ke8 35. Rfc1 Bf8+ 36. Ka4 Qb2 37. Rab1 Qa3+ 38. Kb5 Kd7 39. Rf1 Be7 40. Rxf7 Qxa2 41. Rb4 Ke8 42. g6 Bxb4 43. Kxb4 Qb1+ 44. Kc5 Qb6# 0-1


[Site "https://www.chess.com"]

[Event "Titled Tuesday Blitz May 16 Late 2023"]
[White "Eugene, Floryan"]
[Black "Hakobyan, Aram"]
[WhiteFideId "20694784"]
[BlackFideId "13306677"]
[WhiteElo "2369"]
[BlackElo "2584"]
[Result "0-1"]
[Round "04"]
[TimeControl "180+2"]
[Date "2023.05.16"]
[WhiteClock "0:00:24"]
[BlackClock "0:01:34"]

1. e4 g6 2. d4 Bg7 3. Nc3 c5 4. dxc5 Bxc3+ 5. bxc3 Nf6 6. Bd3 Qa5 7. Ne2 Qxc5 8. Be3 Qc7 9. O-O d6 10. h3 O-O 11. Rb1 Nbd7 12. Ng3 b6 13. Qf3 Bb7 14. Bh6 Rfe8 15. Rfe1 Qxc3 16. Qe2 Ne5 17. Bb5 Rec8 18. Rec1 a6 19. Ba4 Qc4 20. Rxb6 Qxe2 21. Nxe2 Bxe4 22. Nd4 Nd5 23. Rb3 Nc3 24. Re1 Nxa4 25. Rxe4 Nc5 26. Nf5 gxf5 27. Rg3+ Ng6 28. Rxe7 Ne4 29. Rxe4 fxe4 30. h4 Rc5 0-1


[Site "https://www.chess.com"]

[Event "Titled Tuesday Blitz May 16 Late 2023"]
[White "Tomiello, Lucas Costamilan"]
[Black "Tang, Andrew"]
[WhiteFideId "22701940"]
[BlackFideId "2059630"]
[WhiteElo "2085"]
[BlackElo "2596"]
[Result "0-1"]
[Round "04"]
[TimeControl "180+2"]
[Date "2023.05.16"]
[WhiteClock "0:00:00"]
[BlackClock "0:00:32"]

1. e4 b5 2. Bxb5 f5 3. exf5 c6 4. Qh5+ g6 5. fxg6 Bg7 6. gxh7+ Kf8 7. Be2 Nf6 8. Qf3 d5 9. d4 Rxh7 10. Nc3 Qb6 11. Nh3 Bxh3 12. gxh3 Nd7 13. Qd3 Re8 14. Bf4 e5 15. dxe5 Nxe5 16. Bxe5 Rxe5 17. O-O-O Bh6+ 18. Kb1 Rb7 19. b3 c5 20. Rhg1 d4 21. Qg6 Bg7 22. Na4 Qc6 23. Bg4 Qb5 24. Nb2 Nd5 25. Ka1 Nc3 0-1


[Site "https://www.chess.com"]

[Event "Titled Tuesday Blitz May 16 Late 2023"]
[White "Matlakov, Maxim"]
[Black "chess123456s"]
[WhiteFideId "4168003"]
[WhiteElo "2666"]
[BlackElo "2609"]
[Result "1-0"]
[Round "04"]
[TimeControl "180+2"]
[Date "2023.05.16"]
[WhiteClock "0:00:56"]
[BlackClock "0:00:17"]

1. d4 d5 2. Nf3 Nf6 3. e3 Bf5 4. c4 c6 5. Nh4 Bc8 6. Nc3 e6 7. Nf3 Nbd7 8. Qc2 Bd6 9. b3 O-O 10. Bb2 e5 11. Be2 e4 12. Nd2 Re8 13. g4 Nf8 14. h3 h6 15. O-O-O Ng6 16. Kb1 Bd7 17. Rdg1 Nh4 18. g5 hxg5 19. Rxg5 Be6 20. Rhg1 g6 21. f3 Nh7 22. cxd5 cxd5 23. Rxd5 Bxd5 24. Nxd5 exf3 25. Nxf3 Nxf3 26. Bxf3 Rc8 27. Qd3 Bf8 28. e4 Bg7 29. e5 Ng5 30. Bg2 Ne6 31. Rf1 Qg5 32. Qf3 Rf8 33. h4 Qd2 34. Ne7+ Kh8 35. Nxc8 Rxc8 36. Rd1 Qc2+ 37. Ka1 Rd8 38. Rc1 Nxd4 39. Rxc2 Nxf3 40. Bxf3 Rd3 41. Be2 Re3 42. Bc4 Re1+ 43. Rc1 Rxc1+ 44. Bxc1 Bxe5+ 45. Bb2 Bxb2+ 46. Kxb2 Kg7 47. Kc3 f6 48. Kd4 Kh6 49. Kd5 Kh5 50. Ke6 f5 51. Kf6 f4 52. Be2+ Kxh4 53. Kxg6 Kg3 54. Kf5 f3 55. Bc4 f2 56. Ke4 a6 57. a4 Kg2 58. a5 f1=Q 59. Bxf1+ Kxf1 60. Kd5 Ke2 61. Kc5 Kd3 62. Kb6 Kc3 63. Kxb7 Kxb3 64. Kxa6 Kb4 65. Kb6 Kc4 66. a6 Kd5 67. a7 Kc4 68. a8=Q Kb4 69. Qd5 Kc3 70. Qe4 Kb2 71. Qd3 Ka1 72. Qd2 Kb1 73. Kb5 Ka1 74. Kb4 Kb1 75. Kb3 Ka1 76. Qb2# 1-0


[Site "https://www.chess.com"]

[Event "Titled Tuesday Blitz May 16 Late 2023"]
[White "Tarlabasi, Emirhan"]
[Black "Zakhartsov, Vladimir"]
[WhiteFideId "6350275"]
[BlackFideId "4145097"]
[WhiteElo "2200"]
[BlackElo "2495"]
[Result "0-1"]
[Round "04"]
[TimeControl "180+2"]
[Date "2023.05.16"]
[WhiteClock "0:00:02"]
[BlackClock "0:00:16"]

1. d4 d5 2. c4 e6 3. Nc3 Nf6 4. cxd5 Nxd5 5. e4 Nxc3 6. bxc3 c5 7. Nf3 cxd4 8. cxd4 Bb4+ 9. Bd2 Bxd2+ 10. Qxd2 O-O 11. Be2 b6 12. O-O Bb7 13. Qe3 Nd7 14. a4 Nf6 15. Bd3 Rc8 16. Ra3 Qe7 17. Rfa1 Rc7 18. h3 Rfc8 19. a5 g6 20. axb6 axb6 21. Ra7 Bc6 22. Rxc7 Qxc7 23. e5 Nd7 24. Ng5 h6 25. Nxf7 Kxf7 26. Qxh6 Nf8 27. Bxg6+ Kg8 28. Ra3 Qg7 29. Bh7+ Kh8 30. Qxg7+ Kxg7 31. Bd3 b5 32. Rb3 Rb8 33. f4 b4 34. Bc4 Ba4 35. Rb2 b3 36. d5 Rb4 37. dxe6 Rxc4 38. f5 Rc2 39. Rb1 b2 40. Kh2 Nh7 41. f6+ Nxf6 42. exf6+ Kxf6 0-1


[Site "https://www.chess.com"]

[Event "Titled Tuesday Blitz May 16 Late 2023"]
[White "Pap, Gyula"]
[Black "Boor, Carl"]
[WhiteFideId "725323"]
[BlackFideId "2017008"]
[WhiteElo "2519"]
[BlackElo "2330"]
[Result "1-0"]
[Round "04"]
[TimeControl "180+2"]
[Date "2023.05.16"]
[WhiteClock "0:00:29"]
[BlackClock "0:00:00"]

1. Nf3 h5 2. e4 a5 3. d4 e6 4. c4 h4 5. h3 Be7 6. Nc3 d6 7. Bd3 Nf6 8. Be3 Nc6 9. d5 Nb4 10. Be2 e5 11. a3 Na6 12. b4 axb4 13. axb4 Bd7 14. Rb1 Nh5 15. Qd2 b6 16. O-O g6 17. c5 bxc5 18. bxc5 Nxc5 19. Bxc5 dxc5 20. Nxe5 Bd6 21. Nxd7 Bf4 22. Qb2 Kxd7 23. Bb5+ Ke7 24. d6+ Kf8 25. Nd5 Rh7 26. Bc6 Bxd6 27. Bxa8 Qxa8 28. Qb8+ Qxb8 29. Rxb8+ Kg7 30. f4 c4 31. e5 Bc5+ 32. Kh2 Ng3 33. Rc1 Bd4 34. Rb4 c5 35. Rbxc4 g5 36. Re1 gxf4 37. Nxf4 Bf2 38. Rd1 Rh8 39. e6 Nf5 40. Re4 1-0


[Site "https://www.chess.com"]

[Event "Titled Tuesday Blitz May 16 Late 2023"]
[White "Ismagilov, Damir"]
[Black "Antipov, Mikhail Al."]
[WhiteFideId "34199982"]
[BlackFideId "4107012"]
[WhiteElo "2143"]
[BlackElo "2513"]
[Result "0-1"]
[Round "04"]
[TimeControl "180+2"]
[Date "2023.05.16"]
[WhiteClock "0:00:08"]
[BlackClock "0:00:10"]

1. f4 d6 2. Nf3 e5 3. fxe5 dxe5 4. Nxe5 Bd6 5. d4 Nf6 6. g3 Nbd7 7. Nc4 h5 8. Nxd6+ cxd6 9. Bg2 h4 10. Bf4 Nh5 11. Qd2 Qb6 12. Nc3 Nxf4 13. gxf4 Nf6 14. O-O-O h3 15. Bf3 Bg4 16. Qe3+ Kf8 17. Bxg4 Nxg4 18. Qf3 Nf6 19. e4 Qc6 20. d5 Qc4 21. e5 Nh5 22. Rhf1 Re8 23. exd6 Nf6 24. Rde1 Rxe1+ 25. Rxe1 Rh4 26. f5 Qb4 27. Qg3 Qf4+ 28. Qe3 Qxd6 29. Kb1 Qxh2 30. Qe7+ Kg8 31. d6 Rd4 32. Nb5 Rd2 33. Qd8+ Kh7 34. Qe7 a6 35. Nc3 Qg3 36. Qe3 Qxe3 37. Rxe3 h2 38. Rh3+ Kg8 39. Kc1 Rg2 40. Nd1 g6 41. c4 g5 42. b4 g4 43. Rh4 g3 44. b5 axb5 45. cxb5 Rg1 46. Rg4+ Kf8 47. Rc4 Rxd1+ 48. Kxd1 h1=Q+ 49. Kc2 Qd5 50. Kb3 Kg7 51. d7 g2 52. d8=Q Qxd8 53. Kb4 Qd5 54. Rc5 Qxc5+ 55. Kxc5 g1=Q+ 56. Kd6 Qf2 57. Kc7 Qxa2 58. Kxb7 Qa5 59. Kb8 Nd5 60. Kc8 Qc7# 0-1


[Site "https://www.chess.com"]

[Event "Titled Tuesday Blitz May 16 Late 2023"]
[White "Moore, Nicholas"]
[Black "Kramnik, Vladimir"]
[WhiteFideId "4303709"]
[BlackFideId "4101588"]
[WhiteElo "2576"]
[BlackElo "2703"]
[Result "1/2-1/2"]
[Round "04"]
[TimeControl "180+2"]
[Date "2023.05.16"]
[WhiteClock "0:00:01"]
[BlackClock "0:00:04"]

1. d4 Nf6 2. c4 e6 3. Nf3 d5 4. g3 Bb4+ 5. Bd2 Bd6 6. Bg2 O-O 7. O-O c6 8. Qc2 Nbd7 9. Rd1 Ne4 10. Nc3 f5 11. Bf4 Bxf4 12. gxf4 Qe7 13. Ne5 Nxe5 14. dxe5 Bd7 15. Nxe4 fxe4 16. e3 Be8 17. f3 Bh5 18. Rf1 Qc5 19. fxe4 Qxe3+ 20. Qf2 d4 21. Qxe3 dxe3 22. Bf3 e2 23. Rf2 Bxf3 24. Rxf3 Rad8 25. Re1 Rd2 26. b3 Rxa2 27. Kf2 g6 28. Rxe2 Rxe2+ 29. Kxe2 a5 30. Ke3 b5 31. Kd4 a4 32. bxa4 bxa4 33. Kc5 Ra8 34. Ra3 Ra6 35. Kd6 Kf7 36. c5 h5 37. h4 Ra8 38. Kxc6 Rc8+ 39. Kd6 Rd8+ 40. Kc7 Rd4 41. c6 Rc4 42. Kd7 Rd4+ 43. Kc8 Ke7 44. c7 Rb4 45. Rd3 Rb3 46. Rd7+ Ke8 47. Rd8+ Ke7 48. Rd7+ Ke8 49. Rd6 Ke7 50. Ra6 a3 51. Ra7 Rc3 52. Kb8 Rb3+ 53. Kc8 Rc3 54. Kb8 Rb3+ 55. Kc8 1/2-1/2


[Site "https://www.chess.com"]

[Event "Titled Tuesday Blitz May 16 Late 2023"]
[White "Domingo Nunez, Alejandro"]
[Black "Kravtsiv, Martyn"]
[WhiteFideId "22245561"]
[BlackFideId "14113147"]
[WhiteElo "2291"]
[BlackElo "2695"]
[Result "0-1"]
[Round "04"]
[TimeControl "180+2"]
[Date "2023.05.16"]
[WhiteClock "0:00:00"]
[BlackClock "0:00:35"]

1. Nf3 c5 2. g3 Nf6 3. Bg2 Nc6 4. d4 cxd4 5. Nxd4 g6 6. O-O Bg7 7. Nb3 O-O 8. Nc3 d6 9. h3 Be6 10. Be3 Rc8 11. a4 a6 12. Nd4 Nxd4 13. Bxd4 Qd7 14. Kh2 Rc4 15. e3 Rfc8 16. a5 Bf5 17. Qd2 h5 18. Ra2 e5 19. Bb6 d5 20. Rd1 d4 21. exd4 exd4 22. Bxd4 Ng4+ 23. hxg4 Rxd4 24. Qe1 Bxg4 25. Rxd4 Bxd4 26. Nd5 Rxc2 27. Qe4 Rd2 28. Qf4 Rd1 29. Ra1 Bg7 30. Rxd1 Bxd1 31. Qe3 Kh7 0-1


[Site "https://www.chess.com"]